 Dungeon Crawl Stone Soup version 0.19-b1-3-g7dea586 (webtiles) character file.

37 tv1990 the Chopper (level 3, -7/29 HPs)
             Began as a Formicid Monk on Oct 28, 2016.
             Mangled by a hand axe (11 damage)
             ... on level 2 of the Dungeon.
             The game lasted 00:02:59 (954 turns).

tv1990 the Chopper (Formicid Monk)                   Turns: 954, Time: 00:02:59

Health: -7/29      AC:  9    Str: 15    XL:     3   Next: 60%
Magic:  3/3        EV:  5    Int:  9    God:
Gold:   32         SH:  8    Dex: 14    Spells: 0 memorised, 2 levels left

rFire  . . .     SeeInvis +     a - +1 hand axe
rCold  . . .     Gourm    .     p - +0 chain mail
rNeg   . . .     Faith    .     j - +0 shield
rPois  .         Spirit   .     (helmet unavailable)
rElec  .         Reflect  .     (no cloak)
rCorr  .         Harm     .     e - +0 pair of gloves
MR     .....                    (no boots)
Stlth  ..........               (no amulet)
                                (no ring)
                                l - ring of flight

@: no status effects
A: permanent stasis, dig shafts and tunnels, four strong arms, antennae 3
a: Dig, Shaft Self, Evoke Flight


You were on level 2 of the Dungeon.
You were not hungry.

You visited 1 branch of the dungeon, and saw 2 of its levels.

You collected 32 gold pieces.

Inventory:

Hand Weapons
 a - a +1 hand axe (weapon)
Armour
 b - a +0 robe
 e - a +0 pair of gloves (worn)
 j - a +0 shield (worn)
 k - a +0 ring mail
 p - a +0 chain mail (worn)
Jewellery
 l - a ring of flight (left hand)
Scrolls
 f - a scroll of magic mapping
 g - 2 scrolls of identify
Potions
 d - a potion of magic
 m - a potion of curing
Comestibles
 c - a bread ration
 o - 2 chunks of flesh


   Skills:
 - Level 3.2 Fighting
 + Level 3.9 Axes
 - Level 2.6 Dodging
 - Level 2.4 Stealth
 * Level 1.9 Shields


You had 2 spell levels left.
You didn't know any spells.

Dungeon Overview and Level Annotations

Branches:
Dungeon (2/15)

Altars:
Uskayaw


Innate Abilities, Weirdness & Mutations

You are under a permanent stasis effect.
You can dig through walls and to a lower floor.
Your four strong arms can wield two-handed weapons with a shield.
You have a pair of large antennae on your head. (SInv)


Message History

The leopard gecko completely misses you.
You hit the leopard gecko but do no damage.
The leopard gecko is severely wounded.
You block the leopard gecko's attack. The leopard gecko bites you.
You slash the leopard gecko!
You kill the leopard gecko!
No reachable target in view!
Found a hide-covered altar of Uskayaw.
You see here a hobgoblin corpse.
You butcher the hobgoblin corpse.
o - 2 chunks of flesh (gained 1)
You see here a hobgoblin skeleton.
You see here a ring mail.
You extend your mandibles.
You dig through the translucent rock wall.
The hand axe hits you! The hand axe hits you.
You retract your mandibles.
You miss the hand axe. The hand axe hits you!
* * * LOW HITPOINT WARNING * * *
The hand axe hits you!
You die...

######### ##.......# #..._....#
#..!.....# #.#####..##*********
#.#...#...,,,,,,,,,****
#.#.((#.#*******,,,**,, #.####@.#
*,,,,,,* **********#.....[.#
*,,,**,*
,,,,,,,,,...###.รท>#######*,,,**,*
******#.#######(.........,,,,**,*
,,,,,*......).(<........#,*,***,*
,,,*,,......###...#####.#,*,*,,,,
,*,*,*..###,* #.#.....*,*,*,*,,,,
,,,,,*,,,,,,* #.#.###.#,*,*,*,,,,
,,,*,*,,******#(#.# *,*,*,*,***,*


You could see 2 dancing weapons.

Vanquished Creatures
  2 leopard geckos
  A ball python (D:1)
  7 bats (D:1)
  A giant cockroach (D:1)
  5 goblins (D:1)
  3 hobgoblins
  4 jackals (D:1)
  7 kobolds
  A rat (D:1)
31 creatures vanquished.

Notes
Turn   | Place    | Note
-------+----------+-------------------------------------------
     0 | D:1      | tv1990 the Formicid Monk began the quest for the Orb.
     0 | D:1      | Reached XP level 1. HP: 18/18 MP: 1/1
    76 | D:1      | Reached XP level 2. HP: 17/24 MP: 2/2
   151 | D:1      | HP: 1/24 [bat (1)]
   453 | D:1      | Reached XP level 3. HP: 23/29 MP: 3/3
   554 | D:1      | Reached skill level 1 in Shields
   922 | D:2      | Noticed a dagger
   922 | D:2      | Noticed a hand axe
   949 | D:2      | Found a hide-covered altar of Uskayaw.
   954 | D:2      | Mangled by a hand axe

Skill      XL: |  1  2  3 |
---------------+----------+-----
Shields        | 1 |  1.9
Fighting       | |  3.2
Axes           | |  3.9
Dodging        | |  2.6
Stealth        | |  2.4

Action                   || total
-------------------------++-------
Melee: Hand axe          ||    91
 Abil: Dig               ||     1
  Use: Scroll            ||     6
Armor: Robe              ||    19
       Ring mail         ||    14
       Chain mail        ||    16
Dodge: Dodged            ||    60
Block: Shield            ||    26

Table legend:
 A = Turns spent in this place as a percentage of turns spent in the entire game.
 B = Non-inter-level travel turns spent in this place as a percentage of non-inter-level travel turns spent in the entire game.
 C = Inter-level travel turns spent in this place as a percentage of turns spent in this place.
 D = Turns resting spent in this place as a percentage of non-inter-level travel turns spent in this place.
 E = Turns spent auto-exploring this place as a percentage of non-inter-level travel turns spent in this place.
 F = Non-inter-level travel turns spent in this place divided by the number of levels of this place that you've seen.
                   A       B       C       D       E      F
               +-------+-------+-------+-------+-------+----------------------
         Total | 100.0 | 100.0 |   1.1 |   0.8 |  16.2 | 133.0
       Dungeon | 100.0 | 100.0 |   1.1 |   0.8 |  16.2 | 133.0
               +-------+-------+-------+-------+-------+----------------------

Table legend:
 A = Kills in this place as a percentage of kills in entire the game.
 B = Kills by you in this place as a percentage of kills by you in the entire game.
 C = Kills by friends in this place as a percentage of kills by friends in the entire game.
 D = Other kills in this place as a percentage of other kills in the entire game.
 E = Experience gained in this place as a percentage of experience gained in the entire game.
 F = Experience gained in this place divided by the number of levels of this place that you have seen.
                   A       B       C       D       E      F
               +-------+-------+-------+-------+-------+----------------------
         Total | 100.0 | 100.0 |  -nan |  -nan | 100.0 |  26.5
       Dungeon | 100.0 | 100.0 |  -nan |  -nan | 100.0 |  26.5
               +-------+-------+-------+-------+-------+----------------------

Vault maps used:
D:1:      sevenhm_arrival_forest_fort_small_4, minmay_pentomino_u2
D:2:      tso_oasis_becter, dancing_weapons_uskayaw, minmay_split_cup_large
